 Dungeon Crawl Stone Soup version 0.30-a0-622-gddc90eaa04 (webtiles) character file.

Game seed: 6907384593758146966

7268 Monkooky the Transmogrifier (level 10, -6/75 HPs)
             Began as a Demigod Hexslinger on Jan 10, 2023.
             Shot with an arrow by a centaur warrior (20 damage)
             ... on level 10 of the Dungeon.
             The game lasted 00:39:48 (10090 turns).

Monkooky the Transmogrifier (Demigod Hexslinger)   Turns: 10090, Time: 00:39:48

Health: -6/75      AC:  7    Str: 11    XL:     10   Next: 58%
Magic:  26/30      EV: 13    Int: 33    God:
Gold:   280        SH:  0    Dex: 14    Spells: 1/19 levels left

rFire   . . .      SeeInvis .    a - +1 sling
rCold   . . .      Faith    .    (no shield)
rNeg    . . .      Spirit   .    G - +1 steam dragon scales
rPois   .          Reflect  .    (no helmet)
rElec   .          Harm     .    B - +0 cloak
rCorr   .          Rampage  .    (no gloves)
Will    +....                    (no boots)
Stlth   +                        (no amulet)
HPRegen 0.32/turn                g - ring of magical power
MPRegen 0.22/turn                n - +6 ring of intelligence

@: immotile
A: high MP 1, forlorn, divine attributes
a: no special abilities


You were on level 10 of the Dungeon.
You visited 2 branches of the dungeon, and saw 11 of its levels.

You collected 592 gold pieces.
You spent 312 gold pieces at shops.

Inventory:

Hand Weapons
 a - a +1 sling (weapon)
 J - a +4 flail of protection
Missiles
 l - 17 poisoned darts
 q - 6 javelins
Armour
 c - a +0 robe
 o - a +0 robe of willpower
 r - a +0 tower shield
 B - a +0 cloak (worn)
 G - +1 steam dragon scales (worn)
Jewellery
 g - a ring of magical power (left hand)
 m - a ring of resist corrosion
 n - a +6 ring of intelligence (right hand)
 y - a ring of positive energy
 D - a ring of protection from cold
 F - a +4 ring of protection
 I - a ring of positive energy
Wands
 v - a wand of iceblast (4)
 M - a wand of acid (9)
Scrolls
 b - 3 scrolls of poison
 d - 2 scrolls of magic mapping
 f - 3 scrolls of teleportation
 h - a scroll of amnesia
 i - a scroll of blinking
 j - 2 scrolls of brand weapon
 u - 2 scrolls of fog
 x - 2 scrolls of vulnerability
 C - a scroll of silence
 E - a scroll of fear
 K - a scroll of immolation
 N - a scroll of torment
 O - a scroll of enchant weapon
Potions
 e - 10 potions of curing
 k - a potion of flight {unknown}
 p - 3 potions of invisibility {unknown}
 s - 3 potions of mutation {unknown}
 t - 2 potions of lignification {unknown}
 w - a potion of attraction {unknown}
 z - 2 potions of degeneration {unknown}
 A - a potion of haste
 H - a potion of cancellation
 P - a potion of ambrosia {unknown}
 Q - a potion of brilliance {unknown}


   Skills:
 - Level 2.9 Fighting
 - Level 1.8 Ranged Weapons
 - Level 2.4 Armour
 - Level 4.2 Dodging
 - Level 1.4 Unarmed Combat
 - Level 5.1 Spellcasting
 + Level 7.8 Conjurations
 - Level 3.3 Hexes
 - Level 2.0 Translocations
 + Level 8.1 Transmutations
 - Level 1.4 Fire Magic
 - Level 5.1 Earth Magic


You had one spell level left.
You knew the following spells:

 Your Spells              Type           Power      Damage    Failure   Level
a - Slow                  Hex            100%       N/A       1%          1
b - Momentum Strike       Conj/Tloc      82%        3d10      1%          2
c - Inner Flame           Hex/Fire       24%        N/A       5%          3
d - Spider Form           Tmut/Pois      35%        N/A       2%          3
e - Irradiate             Conj/Tmut      28%        3d21      4%          5
f - Petrify               Tmut/Erth      51%        N/A       3%          4

Your spell library contained the following spells:

 Spells                   Type           Power      Damage    Failure   Level
 Beastly Appendage        Tmut           100%       N/A       1%          1
 Summon Small Mammal      Summ           32%        N/A       4%          1
 Wereblood                Tmut           58%        N/A       1%          2
 Blink                    Tloc           42%        N/A       3%          2
 Portal Projectile        Hex/Tloc       52%        N/A       4%          3
 Gell's Gravitas          Tloc           21%        N/A       6%          3
 Lesser Beckoning         Tloc           42%        N/A       6%          3
 Teleport Other           Tloc           21%        N/A       6%          3
 Sublimation of Blood     Necr           8%         N/A       7%          2
 Summon Guardian Golem    Hex/Summ       19%        N/A       7%          3
 Cause Fear               Hex            15%        N/A       12%         4
 Call Canine Familiar     Summ           8%         N/A       14%         3


Dungeon Overview and Level Annotations

Branches:
Dungeon (10/15)            Temple (0/1) D:4            Lair (0/5) D:8
    Orc (1/2) D:9

Shops:
D:6 !   D:8 *

Annotations:
D:1 exclusion: 2 downstairs
D:2 exclusions: Terence and downstairs
D:4 3 runed translucent doors, Vylera's ghost, amateur DjFE
D:6 exclusion: downstairs
D:10 2 runed translucent doors, Chikkuri's ghost, novice HOCA


Innate Abilities, Weirdness & Mutations

You have an increased reservoir of magic. (+10% MP)
You shall have no god before yourself.
Your divine heritage dramatically boosts your attributes as you level up.


Message History

The centaur is moderately wounded.
The centaur is engulfed in blazing flames.
Flame seeps out of the centaur.
The centaur shoots an arrow.
The arrow hits you.
The centaur is engulfed in blazing flames.
The centaur explodes!
A centaur warrior comes into view.
Casting: Inner Flame (dangerous; 5% risk of failure)
Confirm with . or Enter, or press ? or * to list all spells.
Aiming: Inner Flame (dangerous; 5% risk of failure)
Press: ? - help, Dir - move target, f - centaur warrior
Aim: a centaur warrior (wandering, hasn't noticed you, chance to affect: 64%)
The centaur warrior shouts!
The centaur warrior is filled with an inner flame.
The centaur warrior wields a +0 shortbow.
The centaur warrior shoots an arrow.
The arrow hits you!
The centaur warrior shoots an arrow.
The arrow hits you!!
Aiming: Iceblast
Press: ? - help, Shift-Dir - straight line, f - you, p - centaur warrior
Okay, then.
Aiming: Corrosive Bolt
Press: ? - help, Shift-Dir - straight line, f - you, p - centaur warrior
Okay, then.
As you read the scroll of fog, it crumbles to dust.
The scroll dissolves into smoke.
The centaur warrior shoots an arrow.
The arrow hits you!!
* * * LOW HITPOINT WARNING * * *
Casting: Inner Flame (dangerous; 5% risk of failure)
Confirm with . or Enter, or press ? or * to list all spells.
Aiming: Momentum Strike (safe; 1% risk of failure)
Press: ? - help, Dir - move target, f/p - centaur warrior
Aim: a centaur warrior, wielding a +0 shortbow (blue smoke, inner flame, 82% to hit)
The concentrated momentum hits the centaur warrior!!
Flame seeps out of the centaur warrior.
The centaur warrior is moderately wounded.
You are unable to move.
The centaur warrior shoots an arrow.
The arrow hits you!
* * * LOW HITPOINT WARNING * * *
You feel better.
The centaur warrior shoots an arrow.
The arrow hits you!!
You die...

##..........
########..##.......
#........##........
.#####......#.....
##.###.##.....
##..# # ....
###))## ....
###########§§)##
c....§§§c§@§###
.....######## .). .


You could see a centaur warrior (inner flame).

Vanquished Creatures
  A boulder beetle (D:10)
  A two-headed ogre (D:8)
  A deep elf pyromancer (D:9)
  An orc sorcerer (D:9)
  Maggie (D:7)
  A troll (D:9)
  Grinder (D:3)
  Prince Ribbit (D:7)
  Sigmund (D:3)
  2 wyverns
  A wraith (D:9)
  A steam dragon (D:7)
  Menkaure (D:7)
  Edmund (D:6)
  3 wargs
  2 water moccasins
  2 ice beasts (D:7)
  5 orc warriors
  2 centaurs
  A kobold brigand (D:9)
  5 bullfrogs
  A scorpion (D:6)
  9 wights
  3 killer bees (D:9)
  A howler monkey (D:8)
  5 hounds
  8 orc priests
  Crazy Yiuf (D:4)
  An iguana (D:5)
  Jessica (D:2)
  Terence (D:2)
  Natasha (thrice) (D:3)
  8 orc wizards
  6 gnolls
  4 adders
  A shadow imp (D:5)
  A white imp (D:8)
  2 ufetubi
  A worm (D:3)
  2 dart slugs
  48 orcs
  2 ball pythons
  5 endoplasms
  A giant cockroach (D:1)
  4 hobgoblins
  4 jackals
  A quokka (D:5)
  4 bats
  A frilled lizard (D:3)
  5 goblins
  6 kobolds
  4 rats
179 creatures vanquished.

Vanquished Creatures (others)
  A fungus (D:4)
  A plant (D:8)
2 creatures vanquished.

Grand Total: 181 creatures vanquished

Notes
Turn   | Place    | Note
-------+----------+-------------------------------------------
     0 | D:1      | Monkooky the Demigod Hexslinger began the quest for the
                  | Orb.
     0 | D:1      | Reached XP level 1. HP: 15/15 MP: 4/4
    26 | D:1      | Reached skill level 1 in Fighting
   434 | D:1      | Reached XP level 2. HP: 21/23 MP: 5/5
   709 | D:2      | Noticed Jessica
  1570 | D:2      | Noticed Terence
  1603 | D:2      | Learned a level 2 spell: Momentum Strike
  1626 | D:2      | Reached XP level 3. HP: 26/28 MP: 8/8
  1651 | D:2      | Killed Jessica
  1652 | D:2      | Reached skill level 1 in Conjurations
  1652 | D:2      | Reached skill level 1 in Translocations
  2183 | D:2      | Reached XP level 4. HP: 10/35 MP: 9/9
  2400 | D:2      | Killed Terence
  2413 | D:2      | Learned a level 3 spell: Inner Flame
  2464 | D:3      | Noticed Sigmund
  2749 | D:3      | Noticed Natasha
  2753 | D:3      | Killed Natasha
  2754 | D:3      | Reached skill level 1 in Fire Magic
  2754 | D:3      | Reached XP level 5. HP: 40/40 MP: 10/10
  2813 | D:3      | Noticed Grinder
  2821 | D:3      | Killed Grinder
  2822 | D:3      | Reached XP level 6. HP: 47/47 MP: 14/14
  2826 | D:3      | Learned a level 3 spell: Spider Form
  2949 | D:3      | Noticed Natasha
  2952 | D:3      | Killed Natasha
  3003 | D:3      | Killed Sigmund
  3004 | D:3      | Reached skill level 2 in Transmutations
  3116 | D:3      | Noticed Natasha
  3119 | D:3      | Killed Natasha
  3276 | D:4      | Found a runed translucent gate.
  3277 | D:4      | Found a runed translucent gate.
  3279 | D:4      | Found a runed translucent gate.
  3280 | D:4      | Noticed Vylera's ghost (amateur DjFE)
  3323 | D:4      | Found a staircase to the Ecumenical Temple.
  3367 | D:4      | Reached skill level 1 in Unarmed Combat
  3617 | D:4      | Reached XP level 7. HP: 52/52 MP: 15/15
  4280 | D:4      | Found a runed translucent door.
  4281 | D:4      | Noticed Crazy Yiuf
  4292 | D:4      | Killed Crazy Yiuf
  4433 | D:5      | Entered Level 5 of the Dungeon
  4472 | D:5      | Learned a level 5 spell: Irradiate
  4555 | D:5      | Reached skill level 3 in Transmutations
  4799 | D:5      | HP: 2/52 [cloud of flame (24)]
  5214 | D:6      | Found Tobepor's Distillery.
  5225 | D:6      | Bought a potion of resistance for 120 gold pieces
  5225 | D:6      | Bought a potion of heal wounds for 60 gold pieces
  5225 | D:6      | Bought a potion of cancellation for 96 gold pieces
  5225 | D:6      | Bought a potion of curing for 36 gold pieces
  5293 | D:6      | Noticed Edmund
  5309 | D:6      | Killed Edmund
  5757 | D:6      | Reached skill level 4 in Transmutations
  5833 | D:7      | Noticed Prince Ribbit
  5940 | D:7      | Noticed Maggie
  5945 | D:7      | Killed Prince Ribbit
  5946 | D:7      | Reached XP level 8. HP: 9/59 MP: 16/17
  5951 | D:7      | Killed Maggie
  5952 | D:7      | Reached skill level 5 in Transmutations
  6134 | D:7      | Reached skill level 5 in Conjurations
  6371 | D:7      | Reached skill level 6 in Transmutations
  6770 | D:7      | Noticed Menkaure
  6772 | D:7      | Killed Menkaure
  6810 | D:7      | Reached XP level 9. HP: 64/64 MP: 14/18
  6991 | D:8      | Noticed a two-headed ogre
  7024 | D:8      | Killed a two-headed ogre
  7025 | D:8      | Reached skill level 7 in Transmutations
  7337 | D:8      | Reached skill level 5 in Spellcasting
  7418 | D:8      | Learned a level 4 spell: Petrify
  7527 | D:8      | Reached skill level 1 in Earth Magic
  7965 | D:8      | Found a staircase to the Lair.
  7987 | D:8      | Found Yqoch's General Store.
  8441 | D:9      | Noticed a deep elf pyromancer
  8449 | D:9      | Killed a deep elf pyromancer
  8747 | D:9      | Reached XP level 10. HP: 60/71 MP: 21/21
  8884 | D:9      | Found a staircase to the Orcish Mines.
  8980 | D:9      | Reached skill level 5 in Earth Magic
  9189 | D:9      | Reached skill level 1 in Armour
  9384 | Orc:1    | Entered Level 1 of the Orcish Mines
  9386 | Orc:1    | Noticed an orc sorcerer
  9404 | D:9      | Killed an orc sorcerer
  9711 | D:10     | Entered Level 10 of the Dungeon
  9711 | D:10     | Noticed a boulder beetle
  9722 | D:10     | Killed a boulder beetle
  9723 | D:10     | Reached skill level 8 in Transmutations
 10023 | D:10     | Found a large runed translucent door.
 10023 | D:10     | Found a large runed translucent door.
 10024 | D:10     | Noticed Chikkuri's ghost (novice HOCA)
 10081 | D:10     | Noticed a centaur warrior
 10090 | D:10     | Shot with an arrow by a centaur warrior

Illustrated notes

Levels and vault maps discovered:
D:1:      nicolae_arrival_memento_mori, layout_basic, hangedman_feature_mirror,
          minmay_misc_feat_rugged
D:2:      layout_loops_corners, uniq_jessica, uniq_terence
D:3:      layout_rooms, cheibriados_altar_1, chequers_serial_rivers_small_b,
          uniq_grinder, uniq_sigmund, uniq_natasha
D:4:      wander_river, layout_layer_cave, minmay_temple_entry_metal_lava,
          ebering_ghost_rock_garden, serial_bayou_pond_d,
          kennysheep_small_circle, uniq_crazy_yiuf_cottage
D:5:      cheibrodos_quashed, layout_rooms, tso_metal_star,
          nicolae_concentric_dashed_squares_mild
D:6:      layout_basic, serial_shops, nicolae_shop_waterfront,
          chequers_serial_rivers_micro_b, uniq_edmund
D:7:      layout_cave_pools, uniq_menkaure, uniq_maggie, uniq_prince_ribbit1
D:8:      layout_loops_ring, erik_lair_orcish_takeover, serial_shops, shop
D:9:      layout_roguey, hiddenorc2_lemuel
D:10:     layout_rooms, ebering_ghost_disaster_area
Orc:1:    layout_caves, basic_altar, nicolae_orc_crystal_geode, uniq_urug

Skill      XL: |  1  2  3  4  5  6  7  8  9 10 |
---------------+-------------------------------+-----
Fighting       | 1 2 |  2.9
Hexes          | 3 |  3.3
Conjurations   | 1 2 4 6 7 |  7.8
Translocations | 1 2 |  2.0
Fire Magic     | 1 |  1.4
Spellcasting   | 3 4 5 |  5.1
Transmutations | 2 4 6 7 8 |  8.1
Unarmed Combat | 1 |  1.4
Earth Magic    | 4 5 |  5.1
Dodging        | 4 |  4.2
Armour         | 2 |  2.4
Ranged Weapons | |  1.8

Action                   |  1- 3 |  4- 6 |  7- 9 | 10-12 || total
-------------------------+-------+-------+-------+-------++-------
Melee: Unarmed           |       |       |    38 |       ||    38
 Fire: Sling             |    89 |    81 |   220 |    70 ||   460
Throw: Dart              |       |       |     2 |     4 ||     6
 Cast: Slow              |    30 |     7 |    16 |     3 ||    56
       Momentum Strike   |     3 |    13 |    26 |    13 ||    55
       Inner Flame       |       |     8 |    29 |    15 ||    52
       Spider Form       |       |       |     7 |       ||     7
       Irradiate         |       |       |    16 |     7 ||    23
       Petrify           |       |       |     3 |       ||     3
  Use: Scroll            |       |       |    11 |     6 ||    17
       Potion            |       |       |     4 |     2 ||     6
Armor: Robe              |    11 |     1 |     8 |       ||    20
       Steam dragon scal |       |       |    33 |    18 ||    51
       Skin              |       |       |     2 |       ||     2
Dodge: Dodged            |    38 |    14 |   107 |    50 ||   209

Table legend: (Time is in decaauts)
 A = Elapsed time spent in this place.
 B = Non-inter-level travel time spent in this place.
 C = Inter-level travel time spent in this place.
 D = Time resting spent in this place.
 E = Time spent auto-exploring this place.
 F = Levels seen in this place.
 G = Mean time per level.
                   A        B        C        D        E       F      G
               +--------+--------+--------+--------+--------+-----+--------+
         Total |  10271 |   9751 |    520 |   1855 |   6050 |  11 |  933.7 |
       Dungeon |  10255 |   9736 |    519 |   1855 |   6050 |  10 | 1025.5 |
  Orcish Mines |     16 |     16 |      0 |      0 |      0 |   1 |   16.0 |
               +--------+--------+--------+--------+--------+-----+--------+

Top non-repeatable levels by time:
     D:9: 1797 daAuts
     D:2: 1325 daAuts
     D:4: 1216 daAuts
     D:1: 1206 daAuts
     D:8: 1194 daAuts
     D:6: 1103 daAuts
     D:7: 807 daAuts
     D:3: 767 daAuts
     D:5: 714 daAuts
    D:10: 121 daAuts
   Orc:1: 16 daAuts
